 Seeded DCSS version 0.29.1-12-g30fa7ad0bf (webtiles) character file.

Game seed: 5305397730595931231 (custom seed)

29 mathmaestro the Grave Robber (level 3, 26/26 HPs)
             Began as a Demonspawn Necromancer on Dec 16, 2022.
             Quit the game on level 1 of the Dungeon.
             The game lasted 00:02:38 (1010 turns).

mathmaestro the Grave Robber (DsNe)                 Turns: 1010, Time: 00:02:39

Health: 26/26      AC:  2    Str:  8    XL:     3   Next: 1%
Magic:  4/6        EV: 12    Int: 18    God:
Gold:   57         SH:  4    Dex: 13    Spells: 5/6 levels left

rFire   . . .      SeeInvis +   j - +3 spear
rCold   . . .      Faith    .   (no shield)
rNeg    . . .      Spirit   .   a - +0 robe
rPois   .          Reflect  .   (no helmet)
rElec   .          Harm     .   (no cloak)
rCorr   .          Rampage  .   (no gloves)
Will    .....                   (no boots)
Stlth   ++........              (no amulet)
HPRegen 0.08/turn               i - ring of see invisible
MPRegen 0.10/turn               (no ring)

@: no status effects
A: large bone plates 1, foul stench 1
a: no special abilities


You were on level 1 of the Dungeon.
You visited 1 branch of the dungeon, and saw 1 of its levels.

You collected 57 gold pieces.

Inventory:

Hand Weapons
 j - a +3 spear (weapon)
Armour
 a - a +0 robe (worn)
Jewellery
 i - a ring of see invisible (left hand)
Scrolls
 d - a scroll of vulnerability {unknown}
 e - a scroll of acquirement {unknown}
 h - a scroll of identify {unknown}
Potions
 b - a potion of magic
 c - a potion of attraction {unknown}
 f - a potion of resistance {unknown}
 g - a potion of curing {unknown}


   Skills:
 + Level 1.1 Fighting
 - Level 2.0 Dodging
 - Level 2.0 Stealth
 + Level 2.4 Spellcasting
 + Level 4.7 Necromancy


You had 5 spell levels left.
You knew the following spells:

 Your Spells              Type           Power      Damage    Failure   Level
a - Necrotise             Necr           76%        1d7       2%          1

Your spell library contained the following spells:

 Spells                   Type           Power      Damage    Failure   Level
 Vampiric Draining        Necr           19%        2d7       8%          3
 Animate Dead             Necr           19%        N/A       26%         4
 Agony                    Necr           19%        N/A       56%         5


Dungeon Overview and Level Annotations

Branches:
Dungeon (1/15)

Altars:


Innate Abilities, Weirdness & Mutations

You are partially covered in large bone plates. (SH +4)
You may rarely emit foul miasma when damaged in melee.


Message History

* * * LOW HITPOINT WARNING * * *
j - a +3 spear (weapon)
You block the frilled lizard's attack.
Your gnoll skeleton hits the frilled lizard.
The frilled lizard dies!
You start resting.
Your gnoll skeleton crumbles into dust!
Magic restored.
You drop a +0 dagger.
You start resting.
HP restored.
You see here a +0 dagger.
A goblin comes into view. It is wielding a +0 club.
Found a potion of magic.
The goblin shouts!
Casting: Necrotise (safe; 3% risk of failure)
Confirm with . or Enter, or press ? or * to list all spells.
Aiming: Necrotise (safe; 3% risk of failure)
Press: ? - help, Shift-Dir - straight line, f - goblin
Aim: a goblin, wielding a +0 club (chance to affect: 86%)
The goblin writhes in agony!
You kill the goblin!
The dead are walking!
A goblin comes into view. It is wielding a +0 dagger.
You see here a murky pink potion.
f - a murky pink potion
Casting: Necrotise (safe; 3% risk of failure)
Confirm with . or Enter, or press ? or * to list all spells.
Aiming: Necrotise (safe; 3% risk of failure)
Press: ? - help, Shift-Dir - straight line, f - goblin
Aim: a goblin, wielding a +0 dagger (ally target, chance to affect: 86%)
The goblin writhes in agony.
You kill the goblin!
The dead are walking!
You have reached level 3!
Your experience leads to an increase in your attributes!
Increase (S)trength, (I)ntelligence, or (D)exterity?
You feel clever. x2; Your demonic ancestry asserts itself...
You begin to emit a foul stench of rot and decay.
Are you sure you want to abandon this character and quit the game? (Confirm with "yes".)

##.#######..... #
##..#........... #
#####..##........... #
..................... #
..................... #
..................... #
..................... ##
..................... .#
............Z@.......
.######.#####...........
.>..........Z.)#.....###
..############)#.....#
..# #.#...!.# ..#
#.#.....# #.# ..#.....#
#.# #.....# #.#


You could see 2 friendly goblin skeletons.

Vanquished Creatures
  A gnoll (D:1)
  2 bats (D:1)
  An endoplasm (D:1)
  A giant cockroach (D:1)
  3 hobgoblins (D:1)
  3 kobolds (D:1)
  3 goblins (D:1)
  A rat (D:1)
15 creatures vanquished.

Vanquished Creatures (collateral kills)
  A goblin (D:1)
  A frilled lizard (D:1)
2 creatures vanquished.

Grand Total: 17 creatures vanquished

Notes
Turn   | Place    | Note
-------+----------+-------------------------------------------
     0 | D:1      | mathmaestro the Demonspawn Necromancer began the quest for
                  | the Orb.
     0 | D:1      | Reached XP level 1. HP: 13/13 MP: 3/3
   556 | D:1      | Gained mutation: You are partially covered in large bone
                  | plates. (SH +4) [demonic ancestry]
   556 | D:1      | Reached XP level 2. HP: 20/20 MP: 3/5
   705 | D:1      | Reached skill level 1 in Fighting
  1010 | D:1      | Gained mutation: You may rarely emit foul miasma when
                  | damaged in melee. [demonic ancestry]
  1010 | D:1      | Reached XP level 3. HP: 26/26 MP: 4/6
  1010 | D:1      | Quit the game

Illustrated notes

Levels and vault maps discovered:
D:1:      dpeg_arrival_windows_large_door, layout_basic, glass_columns_a

Skill      XL: |  1  2 |
---------------+-------+-----
Stealth        | 2 |  2.0
Dodging        | 2 |  2.0
Fighting       | 1 |  1.1
Spellcasting   | |  2.4
Necromancy     | |  4.7

Action                   || total
-------------------------++-------
Melee: Unarmed           ||    13
 Cast: Necrotise         ||    29
Armor: Robe              ||    20
Dodge: Dodged            ||    25
Block: Other             ||     4
